 Dungeon Sprint DCSS version 0.19.5 (webtiles) character file.

6 Fang the Skirmisher (level 1, -6/22 HPs)
             Began as a Gargoyle Berserker on Oct 21, 2018.
             Was a Believer of Trog.
             Mangled by a gnoll
             ... wielding a +0 spear
              (7 damage)
             ... in the Dungeon (Sprint VII: "The Pits").
             The game lasted 00:00:48 (165 turns).

Fang the Skirmisher (Gargoyle Berserker)             Turns: 165, Time: 00:00:49

Health: -6/22      AC:  4    Str: 25    XL:     1   Next: 90%
Magic:  1/1        EV: 12    Int:  7    God:    Trog [**....]
Gold:   0          SH:  0    Dex:  9    Spells: 0 memorised, 0 levels left

rFire  . . .     SeeInvis .     j - +2 hand axe
rCold  . . .     Gourm    .     b - +0 animal skin
rNeg   + . .     Faith    .     (no shield)
rPois  ∞         Spirit   .     (no helmet)
rElec  +         Reflect  .     (no cloak)
rCorr  .         Harm     .     (no gloves)
MR     .....     NoTele   +     (no boots)
Stlth  ..........               (no amulet)
                                (no ring)
                                (no ring)

@: berserking, very quick
A: negative energy resistance 1, electricity resistance, unbreathing,
petrification resistance, rot immunity, AC +2
a: Berserk, Trog's Hand, Burn Spellbooks, Renounce Religion


You were in the Dungeon.
You worshipped Trog.
Trog was pleased with you.
You were not hungry.

You visited 1 branch

Inventory:

Hand Weapons
 j - a +2 hand axe (weapon)
Armour
 b - a +0 animal skin (worn)
Scrolls
 i - a scroll of blinking
 k - 3 scrolls of remove curse
 l - a scroll of summoning
Potions
 a - 2 potions of invisibility
 d - a potion of curing
 e - a potion of heal wounds
 f - a potion of haste
 g - 4 potions of magic
 h - 3 potions of berserk rage
Comestibles
 c - 8 bread rations
 m - 40 fruits
 n - 7 meat rations


   Skills:
 + Level 4.1 Fighting
 + Level 3.4 Axes
 + Level 2.4 Armour
 + Level 1.9 Dodging


You couldn't memorise any spells.
You didn't know any spells.

Dungeon Overview and Level Annotations

Branches:
Dungeon (1/1)

Altars:
Ashenzari
Cheibriados
Dithmenos
Elyvilon
Fedhas
Gozag
Hepliaklqana
Kikubaaqudgha
Makhleb
Nemelex Xobeh
Okawaru
Qazlal
Ru
Sif Muna
Trog
Uskayaw
Vehumet
Xom
Yredelemnul
Zin
The Shining One
Beogh
Jiyva
Lugonu


Innate Abilities, Weirdness & Mutations

You are resistant to torment.
Your stone body is resilient. (AC +2)
You are immune to poison.
You resist negative energy. (rN+)
You are resistant to electric shocks. (rElec)
You can survive without breathing.
You are immune to petrification.
You are immune to rotting.


Message History

The gnoll hits you but does no damage.
You barely miss the kobold. The kobold hits you.
The gnoll hits you but does no damage.
You barely miss the kobold. The kobold hits you. The gnoll closely misses you.
You slash the kobold!
You kill the kobold!
Trog accepts your kill.
You hit the orc.
The gnoll hits you from afar with a spear.
* * * LOW HITPOINT WARNING * * *
The orc closely misses you.
You barely miss the orc.
The orc is severely wounded.
The gnoll closely misses you. The orc hits you.
* * * LOW HITPOINT WARNING * * *
A red film seems to cover your vision as you go berserk!
You feel yourself moving faster!
You feel mighty!
You feel quite a bit more hungry.
The gnoll hits you from afar with a spear!
You die...

#____#####'###########++
######)))#.##...........
#.?(.')))'.##......#..#.
##########.##...........
#...........'...........
#+#####'#####......#..#.
#..#..##...........
+..)..#####'#####++
####@###.......#
#....g)o.##.......#
#........##.......#
#####+#####...<...#
#.......# #.......#
#.......# #########


You could see a gnoll and an orc.

Vanquished Creatures
  A giant cockroach (D)
  A goblin (D)
  2 kobolds (D)
  A frilled lizard (D)
  A rat (D)
6 creatures vanquished.

Notes
Turn   | Place    | Note
-------+----------+-------------------------------------------
     0 | D        | Fang the Gargoyle Berserker began the quest for the Orb.
     0 | D        | Reached XP level 1. HP: 14/14 MP: 1/1
    20 | D        | Found a radiant altar of Vehumet.
    20 | D        | Found a hide-covered altar of Uskayaw.
    20 | D        | Found an ancient bone altar of Kikubaaqudgha.
    20 | D        | Found a viscous altar of Jiyva.
    20 | D        | Found a hazy altar of Hepliaklqana.
    21 | D        | Found a bloodstained altar of Trog.
    21 | D        | Found a deep blue altar of Sif Muna.
    21 | D        | Found a sacrificial altar of Ru.
    21 | D        | Found a stormy altar of Qazlal.
    21 | D        | Found an iron altar of Okawaru.
    21 | D        | Found a sparkling altar of Nemelex Xobeh.
    21 | D        | Found an opulent altar of Gozag.
    21 | D        | Found a blossoming altar of Fedhas.
    21 | D        | Found a white marble altar of Elyvilon.
    21 | D        | Found a shadowy altar of Dithmenos.
    21 | D        | Found a snail-covered altar of Cheibriados.
    22 | D        | Found a glowing golden altar of the Shining One.
    22 | D        | Found a glowing silver altar of Zin.
    23 | D        | Found a burning altar of Makhleb.
    23 | D        | Found a basalt altar of Yredelemnul.
    23 | D        | Found a roughly hewn altar of Beogh.
    24 | D        | Found a corrupted altar of Lugonu.
    24 | D        | Found a shimmering altar of Xom.
    24 | D        | Found a shattered altar of Ashenzari.
    75 | D        | Reached ** piety under Trog
   160 | D        | Reached skill level 4 in Fighting
   165 | D        | Mangled by a gnoll

Skill      XL: |  1 |
---------------+----+-----
Axes           | 3 |  3.4
Fighting       | 4 |  4.1
Armour         | |  2.4
Dodging        | |  1.9

Action                   || total
-------------------------++-------
Melee: Hand axe          ||    15
Invok: Berserk           ||     1
Armor: Animal skin       ||     2
Dodge: Dodged            ||     9
